 Dungeon Crawl Stone Soup version 0.30-a0-570-g486de37d69 (webtiles) character file.

Game seed: 1879781336931894822

74 Dirtsage the Insei (level 4, 0/42 HPs)
             Began as an Octopode Transmuter on Dec 29, 2022.
             Slain by a crimson imp (2 damage)
             ... summoned by Natasha
             ... on level 3 of the Dungeon.
             The game lasted 00:05:36 (1715 turns).

Dirtsage the Insei (Octopode Transmuter)            Turns: 1715, Time: 00:05:37

Health: 0/42       AC: 22    Str:  8    XL:     4   Next: 30%
Magic:  6/7        EV:  2    Int: 21    God:
Gold:   83         SH:  0    Dex: 11    Spells: 1/7 levels left

rFire   . . .      SeeInvis .      - Unarmed
rCold   . . .      Faith    .    (no shield)
rNeg    . . .      Spirit   .    (helmet currently unavailable)
rPois   +          Reflect  .    f - amulet of the acrobat
rElec   .          Harm     .    (no ring)
rCorr   .          Rampage  .    (no ring)
Will    .....      NoTele   +    (no ring)
Stlth   +                        (no ring)
HPRegen 0.27/turn                (no ring)
MPRegen 0.10/turn                (no ring)
                                 (no ring)
                                 (no ring)

@: brilliant, tree-form, slowed, very slow
A: stationary, stasis, torment immunity, boosted hp, almost no armour,
(amphibious), 8 rings, (camouflage 1), (gelatinous body 1), (nimble swimmer 1),
(tentacles), (iridescent scales 1), clever 1, sense surroundings 1
a: no special abilities


You were on level 3 of the Dungeon.
You were a tree.
You visited 1 branch of the dungeon, and saw 3 of its levels.

You collected 83 gold pieces.

Inventory:

Jewellery
 f - an amulet of the acrobat (around neck)
Scrolls
 c - a scroll of enchant armour
 e - a scroll of magic mapping {unknown}
Potions
 a - a potion of lignification
 b - a potion of curing {unknown}
 g - a potion of magic
 i - a potion of mutation


   Skills:
 - Level 1.0 Fighting
 - Level 2.0 Dodging
 - Level 3.0 Unarmed Combat
 - Level 2.0 Spellcasting
 + Level 3.0 Transmutations
 + Level 2.0 Ice Magic
 + Level 2.4 Poison Magic


You had one spell level left.
You knew the following spells:

 Your Spells              Type           Power      Damage    Failure   Level
a - Beastly Appendage     Tmut           44%        N/A       4%          1
b - Wereblood             Tmut           22%        N/A       6%          2
c - Spider Form           Tmut/Pois      20%        N/A       14%         3

Your spell library contained the following spells:

 Spells                   Type           Power      Damage    Failure   Level
 Ice Form                 Ice/Tmut       19%        N/A       45%         4


Dungeon Overview and Level Annotations

Branches:
Dungeon (3/15)

Altars:
The Shining One

Portals:
Sewer: D:3

Annotations:
D:2 exclusion: gnoll
D:3 Natasha


Innate Abilities, Weirdness & Mutations

You are a tree.
Your roots penetrate the ground, keeping you stationary.
You cannot be teleported.
You are immune to unholy pain and torment.
Your maximum health is greatly increased.
You cannot wear most types of armour.
((You are amphibious.))
You can wear up to eight rings at the same time.
((Your skin changes colour to match your surroundings (Stealth+).))
((Your rubbery body absorbs attacks. (AC +1, EV +1)))
((You are camouflaged when in or above water. (Stealth+)))
((You have tentacles for arms and can constrict up to eight enemies at once.))
((You are partially covered in iridescent scales. (AC +2)))
Your mind is acute. (Int +4, Str/Dex -1)
You passively map a small area around you.


Message History

The crimson imp hits you but does no damage.
You take 2 damage, and have 9/42 hp.
You attack the rock wall.
Natasha mumbles some strange words.
The crimson imp hits you but does no damage.
Natasha claws you but does no damage.
You barely miss Natasha.
The crimson imp hits you but does no damage.
Natasha claws you but does no damage.
You nearly hit yourself!
The crimson imp hits you but does no damage.
Natasha claws you but does no damage. The iron imp hits you.
* * * LOW HITPOINT WARNING * * *
The crimson imp blinks!
Natasha claws you but does no damage.
You take 4 damage, and have 5/42 hp.
You swing at nothing.
The crimson imp blinks!
Natasha barely misses you.
The iron imp hits you but does no damage.
It was a potion of mutation.
You feel extremely strange.
You feel clever.
You feel a strange attunement to the structure of the dungeons.
Iridescent scales grow over part of your body.
The crimson imp hits you but does no damage.
Natasha casts a spell.
The iron imp hits you but does no damage.
The crimson imp hits you.
* * * LOW HITPOINT WARNING * * *
Natasha stares at you and mumbles some strange words.
The magic dart hits you but does no damage.
You cannot move. (Use ctrl+direction or * direction to attack while stationary and confused.) It was a potion of brilliance.
You feel clever all of a sudden.
You feel less confused.
The iron imp hits you but does no damage.
The crimson imp hits you but does no damage.
Natasha claws you but does no damage. The iron imp hits you.
* * * LOW HITPOINT WARNING * * *
You take 3 damage, and have 2/42 hp.
You smack Natasha!
Natasha is almost dead.
The crimson imp hits you.
You die...

#### #### *
###~~####
#...~~~~~
....~~~~ *
#######...####∩~
#.....555....##
#....#.♣h.$...#
*####.#.###....#
#<.#.# *##.# ,
,#..#:# * #..#.#
, * #..#.# ,
,####.# , , ** *
,.. *


You could see an iron imp (summoned), Natasha, a crimson imp (summoned) and a
shadow imp (summoned).

Vanquished Creatures
  Ijyb (D:3)
  An adder (D:2)
  A dart slug (D:1)
  3 endoplasms
  2 hobgoblins (D:1)
  5 jackals (D:1)
  3 quokkas
  A ball python (D:1)
  5 bats
  3 frilled lizards (D:1)
  2 goblins
  6 kobolds
  7 rats
40 creatures vanquished.

Notes
Turn   | Place    | Note
-------+----------+-------------------------------------------
     0 | D:1      | Dirtsage the Octopode Transmuter began the quest for the
                  | Orb.
     0 | D:1      | Reached XP level 1. HP: 13/13 MP: 3/3
     1 | D:1      | Found a glowing golden altar of the Shining One.
    40 | D:1      | Reached XP level 2. HP: 10/18 MP: 5/5
    89 | D:1      | Reached skill level 1 in Poison Magic
   139 | D:1      | Reached skill level 1 in Ice Magic
   300 | D:1      | Reached XP level 3. HP: 23/23 MP: 4/6
   303 | D:1      | Learned a level 2 spell: Wereblood
   307 | D:1      | Learned a level 3 spell: Spider Form
  1064 | D:2      | Found a faded altar of an unknown god.
  1065 | D:2      | Noticed a shining eye
  1067 | D:2      | Noticed a great orb of eyes
  1073 | D:2      | Noticed a shining eye
  1077 | D:2      | Noticed a golden eye
  1689 | D:3      | Noticed Ijyb
  1691 | D:3      | Found a glowing drain.
  1698 | D:3      | Noticed Natasha
  1706 | D:3      | Killed Ijyb
  1707 | D:3      | Reached XP level 4. HP: 12/28 MP: 4/7
  1713 | D:3      | Gained mutation: Your mind is acute. (Int +4, Str/Dex -1)
                  | [potion of mutation]
  1713 | D:3      | Gained mutation: You passively map a small area around you.
                  | [potion of mutation]
  1713 | D:3      | Gained mutation: You are partially covered in iridescent
                  | scales. (AC +2) [potion of mutation]
  1714 | D:3      | HP: 2/42 [iron imp[Natasha] (3)]
  1715 | D:3      | Slain by a crimson imp

Illustrated notes

Levels and vault maps discovered:
D:1:      sevenhm_arrival_forest_fort_small_6, layout_rooms
D:2:      layout_basic, hellmonk_ecumenical_altar_watching_god,
          minmay_tetromino_s2
D:3:      layout_basic, cheibrodos_sewer_entry_bend, uniq_natasha,
          uniq_crazy_yiuf_cottage, uniq_sigmund, uniq_ijyb, uniq_robin

Skill      XL: |  1  2  3 |
---------------+----------+-----
Poison Magic   | 1 2 |  2.4
Ice Magic      | 1 2 |  2.0
Transmutations | 3 |  3.0
Fighting       | |  1.0
Dodging        | |  2.0
Unarmed Combat | |  3.0
Spellcasting   | |  2.0

Action                   |  1- 3 |  4- 6 || total
-------------------------+-------+-------++-------
Melee: Unarmed           |   101 |     2 ||   103
       Kick              |    23 |       ||    23
       Constrict         |    23 |       ||    23
       Tentacles         |    13 |       ||    13
       Punch             |     4 |       ||     4
 Cast: Beastly Appendage |    17 |       ||    17
       Spider Form       |     1 |       ||     1
  Use: Scroll            |     6 |       ||     6
       Potion            |     3 |     2 ||     5
 Stab: Sleeping          |     2 |       ||     2
Armor: Skin              |    15 |    16 ||    31
Dodge: Dodged            |    67 |     2 ||    69

Table legend: (Time is in decaauts)
 A = Elapsed time spent in this place.
 B = Non-inter-level travel time spent in this place.
 C = Inter-level travel time spent in this place.
 D = Time resting spent in this place.
 E = Time spent auto-exploring this place.
 F = Levels seen in this place.
 G = Mean time per level.
                   A        B        C        D        E       F      G
               +--------+--------+--------+--------+--------+-----+--------+
         Total |   1712 |   1648 |     64 |     21 |   1257 |   3 |  570.7 |
       Dungeon |   1712 |   1648 |     64 |     21 |   1257 |   3 |  570.7 |
               +--------+--------+--------+--------+--------+-----+--------+

Top non-repeatable levels by time:
     D:2: 990 daAuts
     D:1: 687 daAuts
     D:3: 34 daAuts
